 Dungeon Crawl Stone Soup version 0.29.0-4-gdea44cf6ec (webtiles) character file.

Game seed: 15922098105429517164

62 qw the Sneak (level 3, -5/17 HPs)
             Began as a Felid Delver on Aug 27, 2022.
             Slain by a phantom (7 damage)
             ... on level 5 of the Dungeon.
             The game lasted 00:00:01 (75 turns).

qw the Sneak (Felid Delver)                           Turns: 75, Time: 00:00:01

Health: -5/17      AC:  1    Str:  8    XL:     3   Next: 85%
Magic:  4/4        EV: 17    Int: 11    God:
Gold:   0          SH:  0    Dex: 19    Spells: 2/2 levels left
                                        Lives:  0   Deaths: 0

rFire   . . .      SeeInvis +     - Unarmed
rCold   . . .      Faith    .   (shield unavailable)
rNeg    . . .      Spirit   .   (body armour unavailable)
rPois   .          Reflect  .   (helmet unavailable)
rElec   .          Harm     .   (cloak unavailable)
rCorr   .          Rampage  .   (gloves unavailable)
Will    .....                   (boots unavailable)
Stlth   ++++......              (no amulet)
HPRegen 0.05/turn               (no ring)
MPRegen 0.09/turn               (no ring)

@: quick
A: very small, claws 1, fangs 3, see invisible, speed 1, shaggy fur 1, stealthy
paws, no weapons or thrown items, no armour, multi-lived
a: no special abilities


You were on level 5 of the Dungeon.
You visited 1 branch of the dungeon, and saw 1 of its levels.


Innate Abilities, Weirdness & Mutations

You have sharp claws.
You have razor-sharp teeth.
You have supernaturally acute eyesight. (SInv)
You cover ground quickly. (Speed+)
You are covered in fur. (AC +1)
Your paws help you pounce on unaware monsters.
You are incapable of wielding weapons or throwing items.
You cannot wear armour.
You gain extra lives every three experience levels.


   Skills:
 - Level 3.0 Fighting
 + Level 2.6 Dodging
 - Level 6.6 Stealth
 - Level 4.2 Unarmed Combat


You had 2 spell levels left.
You didn't know any spells.
Your spell library was empty.

Inventory:

Wands
 e - a wand of digging (3)
Scrolls
 a - a scroll of fog
 b - a scroll of magic mapping
 c - a scroll of fear
Potions
 d - a potion of haste
 f - a potion of degeneration {unknown}

Dungeon Overview and Level Annotations

Branches:
Dungeon (5/15)
 Temple: D:4-7

Altars:


Message History

The water moccasin zombie is heavily damaged.
The water moccasin zombie misses you.
You scratch the water moccasin zombie.
The water moccasin zombie is heavily damaged.
The water moccasin zombie completely misses you.
You closely miss the water moccasin zombie.
The water moccasin zombie is heavily damaged.
The water moccasin zombie completely misses you.
You scratch the water moccasin zombie. You claw the water moccasin zombie!
The water moccasin zombie is severely damaged.
The water moccasin zombie completely misses you.
The water moccasin zombie barely misses you.
You claw the water moccasin zombie!
The water moccasin zombie is almost destroyed.
The water moccasin zombie closely misses you.
You scratch the water moccasin zombie.
You destroy the water moccasin zombie!
Your Unarmed Combat skill gained 2 levels and is now at level 4!
You have reached level 2!
You have reached level 3!
Your experience leads to an increase in your attributes!
Increase (S)trength, (I)ntelligence, or (D)exterity?
You feel agile. x2
A phantom comes into view.
Found a stone staircase leading down.
You barely miss the phantom. The phantom barely misses you.
You closely miss the phantom. The phantom closely misses you.
You barely miss the phantom. The phantom hits you.
The phantom blinks!
You blink.
An orc comes into view. It is wielding a +0 dagger.
You closely miss the phantom. The phantom hits you.
You scratch the phantom. You bite the phantom, but do no damage.
The phantom is lightly damaged.
The phantom hits you.
You scratch the phantom.
The phantom is moderately damaged.
The phantom hits you!
You die...

### #.o ###># ..#.#
#####.#.############
#.=.PP..............
#.P..P#.###.########
#....W@.# #.# #.Z.....#
#.# #.#####.# #.# #.#
#.# #.# #.# #.# #.# #.#
#.# #.# #.#####(###.#
.# #...........#
...########...###.#####


You could see a phantom, an orc (asleep) and a hound zombie (dormant).

Vanquished Creatures
  A water moccasin zombie (D:5)
  An orc (D:5)
2 creatures vanquished.

Notes
Turn   | Place    | Note
-------+----------+-------------------------------------------
     0 | D:5      | qw the Felid Delver began the quest for the Orb.
     0 | D:5      | Reached XP level 1. HP: 10/10 MP: 2/2
     0 | D:5      | 0 ||| qw: Version: 0.1-a-89-g26bdef1
     0 | D:5      | 0 ||| qw: Game counter: 89
     0 | D:5      | 0 ||| qw: Always use a shield: true
     0 | D:5      | 0 ||| qw: God list: Okawaru, Trog
     0 | D:5      | 0 ||| qw: Allow faded altars: false
     0 | D:5      | 0 ||| qw: Do Orc after D:15 true
     0 | D:5      | 0 ||| qw: Do second Lair branch before Depths: true
     0 | D:5      | 0 ||| qw: Lair rune preference: random
     0 | D:5      | 0 ||| qw: Plans: Normal
     0 | D:5      | 0 ||| PLANNING D:1-11
     7 | D:5      | 7 ||| Stepping ~*~*~tactically~*~*~ (stealth).
     9 | D:5      | 9 ||| Stepping ~*~*~tactically~*~*~ (stealth).
    10 | D:5      | 10 ||| Stepping ~*~*~tactically~*~*~ (stealth).
    20 | D:5      | 20 ||| Stepping ~*~*~tactically~*~*~ (stealth).
    43 | D:5      | Noticed a water moccasin zombie
    44 | D:5      | 44 ||| Stepping ~*~*~tactically~*~*~ (stealth).
    46 | D:5      | 46 ||| Stepping ~*~*~tactically~*~*~ (stealth).
    48 | D:5      | 48 ||| Stepping ~*~*~tactically~*~*~ (stealth).
    50 | D:5      | 50 ||| Stepping ~*~*~tactically~*~*~ (stealth).
    65 | D:5      | Killed a water moccasin zombie
    66 | D:5      | Reached XP level 2. HP: 14/14 MP: 3/3
    66 | D:5      | Reached XP level 3. HP: 17/17 MP: 4/4
    66 | D:5      | Noticed a phantom
    74 | D:5      | HP: 2/17 [phantom (5)]
    75 | D:5      | Slain by a phantom

Levels and vault maps discovered:
D:5:      layout_loops_ring, serial_undead, serial_undead_e, serial_undead_e,
          serial_undead_c, serial_undead_c, serial_undead_d, serial_undead_a,
          serial_undead_b, serial_undead_c, serial_undead_e, serial_undead_e,
          minmay_misc_feat_doors, uniq_grinder

Skill      XL: |  1 |
---------------+----+-----
Unarmed Combat | 4 |  4.2
Fighting       | |  3.0
Dodging        | |  2.6
Stealth        | |  6.6

Action                   || total
-------------------------++-------
Melee: Unarmed           ||    18
       Punch             ||     3
       Bite              ||     2
Dodge: Dodged            ||    12

Table legend:
 A = Non-vault XP
 B = Vault XP
 C = Vault XP percentage of total XP
 D = Non-vault monster count
 E = Vault monster count
 F = Vault count percentage of total count
                 A         B        C        D         E       F
            +---------+---------+-------+---------+---------+-------
      Total |       3 |      86 |  96.6 |       1 |       1 |  50.0
            +---------+---------+-------+---------+---------+-------
        D:5 |       3 |      86 |  96.6 |       1 |       1 |  50.0
            +---------+---------+-------+---------+---------+-------
